 Dungeon Crawl Stone Soup version 0.23-a0-386-g9c9d49f (webtiles) character file.

371 Amnesiac the Cutter (level 6, -1/47 HPs)
             Began as a Mummy Chaos Knight on Oct 28, 2018.
             Was a Plaything of Xom.
             Slain by a tengu (4 damage)
             ... on level 4 of the Dungeon.
             The game lasted 00:04:37 (6315 turns).

Amnesiac the Cutter (Mummy Chaos Knight)            Turns: 6315, Time: 00:04:38

Health: -1/47      AC:  9    Str: 17    XL:     6   Next: 42%
Magic:  6/6        EV:  7    Int: 12    God:    Xom [..*...]
Gold:   104        SH:  0    Dex: 11    Spells: 5/5 levels left

rFire    x . .     SeeInvis .   a - +0 short sword (chaos)
rCold    + . .     Gourm    .   (no shield)
rNeg     + + +     Faith    .   f - +1 chain mail {rPois}
rPois    ∞         Spirit   .   (no helmet)
rElec    .         Reflect  .   (no cloak)
rCorr    .         Harm     .   (no gloves)
MR       .....                  (no boots)
Stlth    ..........             (no amulet)
HPRegen  0.15/turn              (no ring)
MPRegen  0.10/turn              (no ring)

@: no status effects
A: no food or potions, fire vulnerability, cold resistance 1, negative energy
resistance 3, torment resistance, unbreathing
a: Renounce Religion


You were on level 4 of the Dungeon.
You worshipped Xom.
You were a toy of Xom.
You were not hungry.

You visited 2 branches of the dungeon, and saw 5 of its levels.

You collected 104 gold pieces.

Inventory:

Hand Weapons
 a - a +0 short sword of chaos (weapon)
 e - a +0 blowgun
Missiles
 d - 18 poisoned needles
Armour
 b - a +2 leather armour
 f - a +1 chain mail of poison resistance (worn)
Wands
 h - a wand of polymorph (4)
Scrolls
 c - a scroll of identify {!r, unknown}
 g - a scroll of teleportation {!r, unknown}


   Skills:
 - Level 3.0 Fighting
 + Level 6.1 Short Blades
 - Level 1.5 Armour
 - Level 0.7 Dodging


You had 5 spell levels left.
You didn't know any spells.
Your spell library was empty.

Dungeon Overview and Level Annotations

Branches:
Dungeon (4/15)             Temple (1/1) D:4

Altars:
Ashenzari
Cheibriados
Elyvilon
Fedhas
Gozag
Hepliaklqana
Nemelex Xobeh
Okawaru
Ru
Sif Muna
Trog
Uskayaw
Vehumet
Wu Jian
Xom
Yredelemnul


Innate Abilities, Weirdness & Mutations

You do not eat or drink.
Your flesh is vulnerable to fire.
You are immune to poison.
Your flesh is cold resistant. (rC+)
You are immune to negative energy. (rN+++)
You are immune to unholy pain and torment.
You can survive without breathing.


Message History

Evoke which item? (* to show all) (? for menu, Esc to quit)
Aiming: Polymorph
Press: ? - help, Shift-Dir - straight line, f - ogre
Aim: an ogre, wielding a +0 giant club (chance to defeat MR: 46%)
The ogre evaporates and reforms as a steam dragon!
Sigmund says, "Now you see me, now you don't..."
Evoke which item? (* to show all) (? for menu, Esc to quit)
Okay, then.
Evoke which item? (* to show all) (? for menu, Esc to quit)
Aiming: Polymorph
Press: ? - help, Shift-Dir - straight line, f - Sigmund, p - steam dragon
Aim: Sigmund, wielding a +0 scythe and wearing a +0 robe (chance to defeat MR: Sigmund resists with significant effort.
Unknown command.
Evoke which item? (* to show all) (? for menu, Esc to quit)
Aiming: Polymorph
Press: ? - help, Shift-Dir - straight line, f/p - Sigmund
Aim: Sigmund, wielding a +0 scythe and wearing a +0 robe (chance to defeat MR: Sigmund evaporates and reforms as a hound!
Xom's attention almost turns to you for a moment.
Nothing appears to happen.
Unknown command.
The steam dragon breathes steam at you. The ball of steam hits you!
The steam scalds you terribly!
You are engulfed in a cloud of scalding steam.
Sigmund is engulfed in a cloud of scalding steam.
Sigmund is engulfed in a cloud of scalding steam.
Sigmund bites you but does no damage. Sigmund bites you but does no damage.
Sigmund bites you but does no damage.
You closely miss Sigmund.
Sigmund is severely wounded.
Sigmund bites you but does no damage.
You hit Sigmund.
Sigmund is almost dead.
Sigmund bites you but does no damage.
You hit Sigmund. Lightning courses through Sigmund!
You kill Sigmund!
You hit the steam dragon.
Space bends around the steam dragon.
The steam dragon is lightly wounded.
The steam dragon bites you but does no damage.
The steam dragon claws you but does no damage.
You hit the steam dragon.
The steam dragon seems to slow down.
The steam dragon is lightly wounded.
You closely miss the steam dragon.
The steam dragon is lightly wounded.
The steam dragon is no longer moving slowly.
The steam dragon breathes steam at you. The ball of steam hits you!
The steam scalds you terribly!
Xom roars with laughter!
Ouch! That really hurt!
* * * LOW HITPOINT WARNING * * *
Evoke which item? (* to show all) (? for menu, Esc to quit)
Okay, then.
Evoke which item? (* to show all) (? for menu, Esc to quit)
Aiming: Polymorph
Press: ? - help, Shift-Dir - straight line, f - steam dragon
Aim: a steam dragon (lightly wounded, catching its breath, chance to defeat MR: The steam dragon evaporates and reforms as a tengu!
The tengu hits you.
* * * LOW HITPOINT WARNING * * *
The tengu pecks you.
You die...
Xom titters!

.##..............
..$.....................
........................
....).)..........................
.................................
.................................
†................................
............§§...............#.#.
...........#....@...........#.#.#
##.........##§§.Q..........#.#.#.
###....#...###§.............#.>.#
#.....#...###..........[.#.#[#.
###...##..##..............#.#.#
#...##..D...#.........)..#.#.
##...##....###...............
##...#...## #...............
#.......# ##..............


You could see a tengu.

Vanquished Creatures
  A hungry ghost (Temple)
  Blork the orc (D:4)
  A howler monkey (Temple)
  2 hounds (D:4)
  An orc priest (Temple)
  A gnoll (D:3)
  2 adders
  A shadow imp (D:2)
  A worm (D:1)
  A dart slug (D:3)
  A leopard gecko (D:1)
  2 orcs
  A bat (D:2)
  3 giant cockroaches
  4 hobgoblins
  2 jackals (D:4)
  A quokka (D:4)
  3 frilled lizards
  2 kobolds
  3 rats
34 creatures vanquished.

Vanquished Creatures (collateral kills)
  An orc (D:4)
1 creature vanquished.

Grand Total: 35 creatures vanquished

Notes
Turn   | Place    | Note
-------+----------+-------------------------------------------
     0 | D:1      | Amnesiac the Mummy Chaos Knight began the quest for the
                  | Orb.
     0 | D:1      | Reached XP level 1. HP: 18/18 MP: 1/1
   274 | D:1      | XOM: harmless Tloc miscast
   356 | D:2      | XOM: divination: magic mapping
   369 | D:2      | Reached skill level 3 in Short Blades
   369 | D:2      | Reached XP level 2. HP: 24/24 MP: 2/2
   406 | D:2      | XOM: potion effect (heal wounds)
   412 | D:2      | XOM: smoke on damage
   510 | D:2      | XOM: divination: detect items
   551 | D:3      | Found a snail-covered altar of Cheibriados.
   573 | D:3      | Reached XP level 3. HP: 13/29 MP: 3/3
   606 | D:3      | XOM: harmless Necr miscast
   735 | D:3      | Found a hide-covered altar of Uskayaw.
   769 | D:3      | XOM: potion effect (heal wounds)
  1021 | D:2      | XOM: harmless Tmut miscast
  1210 | D:4      | Found a staircase to the Ecumenical Temple.
  1210 | D:4      | Noticed a hungry ghost
  1221 | Temple   | XOM: stealth player
  1221 | Temple   | Entered the Ecumenical Temple
  1229 | Temple   | XOM: cast spell 'Summon Butterflies'
  1234 | Temple   | XOM: confuse monster(s)
  1253 | Temple   | XOM: silly message
  1256 | Temple   | XOM: cleaving
  1312 | Temple   | Killed a hungry ghost
  1312 | Temple   | Reached skill level 5 in Short Blades
  1312 | Temple   | Reached XP level 4. HP: 15/35 MP: 4/4
  1312 | Temple   | Reached XP level 5. HP: 18/41 MP: 5/5
  1618 | Temple   | XOM: cloud trail
  1643 | D:4      | XOM: cleaving
  1742 | D:4      | Noticed Blork the orc
  1742 | D:4      | XOM: harmless Air miscast
  1756 | D:4      | XOM: medium Pois miscast
  2060 | Temple   | XOM: polymorph orc wizard -> howler monkey
  2070 | Temple   | Reached XP level 6. HP: 27/47 MP: 6/6
  2219 | D:4      | Killed Blork the orc
  2219 | D:4      | Reached skill level 6 in Short Blades
  2905 | Temple   | XOM: god gift: 63 gold pieces
  2925 | Temple   | XOM: mild Necr miscast
  3527 | Temple   | XOM: mild Hex miscast
  3674 | Temple   | XOM: medium Pois miscast
  4199 | Temple   | XOM: medium Air miscast
  4253 | Temple   | XOM: harmless Fire miscast
  5298 | Temple   | XOM: harmless Ice miscast
  5792 | Temple   | XOM: divination: detect creatures
  6286 | D:4      | Noticed Sigmund
  6293 | D:4      | Noticed a steam dragon
  6293 | D:4      | an ogre changed into a steam dragon
  6296 | D:4      | Noticed Sigmund
  6296 | D:4      | Sigmund changed into Sigmund the hound
  6296 | D:4      | XOM: harmless Fire miscast
  6309 | D:4      | Killed Sigmund the hound
  6315 | D:4      | a steam dragon changed into a tengu
  6315 | D:4      | Slain by a tengu

Vault maps used:
D:1:      lemuel_arrival_cross
D:2:      zin_statuary, chequers_serial_rivers_room_b,
          minmay_goblin_kobold_house
D:3:      lemuel_crystal_altar, nicolae_overflow_crystal_walls
D:4:      old_standard_altar, minmay_temple_entry_grid, hex_large, uniq_natasha,
          uniq_blork_the_orc, uniq_sigmund
Temple:   eino_narrow_crystal_temple

Skill      XL: |  1  2  3  4  5  6 |
---------------+-------------------+-----
Short Blades   | 3 5 6 |  6.1
Fighting       | |  3.0
Armour         | |  1.5
Dodging        | |  0.7

Action                   |  1- 3 |  4- 6 || total
-------------------------+-------+-------++-------
Melee: Short sword       |   129 |    67 ||   196
 Fire: Blowgun           |       |     2 ||     2
Evoke: Wand              |       |     4 ||     4
 Stab: Petrified         |     5 |       ||     5
       Paralysed         |     4 |       ||     4
Armor: Leather armour    |    13 |       ||    13
       Chain mail        |    33 |    64 ||    97
Dodge: Dodged            |    58 |    18 ||    76

Table legend:
 A = Non-vault XP
 B = Vault XP
 C = Vault XP percentage of total XP
 D = Non-vault monster count
 E = Vault monster count
 F = Vault count percentage of total count
                 A         B        C        D         E       F
            +---------+---------+-------+---------+---------+-------
      Total |     428 |     102 |  19.2 |      33 |       2 |   5.7
            +---------+---------+-------+---------+---------+-------
        D:1 |      10 |       0 |   0.0 |       3 |       0 |   0.0
        D:2 |      21 |       0 |   0.0 |       8 |       0 |   0.0
        D:3 |      41 |       0 |   0.0 |       9 |       0 |   0.0
        D:4 |      72 |     102 |  58.6 |       9 |       2 |  18.2
     Temple |     284 |       0 |   0.0 |       4 |       0 |   0.0
            +---------+---------+-------+---------+---------+-------
